APP
BOSTON (APP) RED SOX @ BLUEFIELD BLUE JAYS
06/27/2046
 
TOP OF THE 1ST
Boston (APP) Red Sox batting - Pitching for Bluefield Blue Jays : RHP Scott Lowry
Pitching: RHP Scott Lowry
Batting: RHB Tony Nunez 0-0: Called Strike
0-1: SINGLE (Groundball, 6MD, EV 106.9 MPH)
Batting: SHB Salvador Padilla 0-0: Fly out, F8 (Flyball, 8LD, EV 97.5 MPH)
Batting: LHB Carlos Guerra 0-0: DOUBLE (Line Drive, 89D, EV 110.0 MPH)
Tony Nunez to third
Runner from 3rd tries for Home, SAFE, throw by RF to trailing runner, SAFE at third!
Batting: RHB Dave Burwell 0-0: Fly out, F7 (Line Drive, 7S, EV 107.5 MPH)
Batting: RHB Alex Melendez 0-0: Ball
1-0: DOUBLE (Line Drive, 7LS, EV 110.0 MPH)
Carlos Guerra scores
Batting: RHB Jim Hubbard 0-0: Called Strike
0-1: Foul Ball, location: 2F
0-2: Foul Ball, location: 2F
0-2: Ball
Wild Pitch!
Alex Melendez to third
1-2: Strikes out swinging
Top of the 1st over - 2 runs, 3 hits, 0 errors, 1 left on base; Boston (APP) 2 - Bluefield 0
BOTTOM OF THE 1ST
Bluefield Blue Jays batting - Pitching for Boston (APP) Red Sox : RHP Justin Swenson
Pitching: RHP Justin Swenson
Batting: RHB Stephen Casteel 0-0: Foul Ball, location: 2F
0-1: SINGLE (Line Drive, 7S, EV 89.4 MPH)
Batting: RHB Mike Johnson 0-0: Fielders Choice at 2nd, 5-4 (Groundball, 56, EV 101.9 MPH)
Now at 2B: Tony Nunez
Now at 3B: Danny Marquez
Batting: RHB Bill Murray 0-0: Ball
Mike Johnson is caught stealing 2nd base 2-4
1-0: Ball
2-0: Ball
3-0: Base on Balls
Batting: RHB Victor Ayala 0-0: Called Strike
0-1: Ball
1-1: Called Strike
1-2: Strikes out swinging
Bottom of the 1st over - 0 runs, 1 hit, 0 errors, 1 left on base; Boston (APP) 2 - Bluefield 0
TOP OF THE 2ND
Boston (APP) Red Sox batting - Pitching for Bluefield Blue Jays : RHP Scott Lowry
Batting: RHB Miguel Villanueva 0-0: Ball
1-0: Foul Ball, location: 2F
1-1: Ball
2-1: Foul Ball, location: 2F
2-2: Ball
3-2: Ground out 4-3 (Groundball, 4, EV 103.1 MPH)
Batting: RHB Tony Gallegos 0-0: Called Strike
0-1: Fly out, F8 (Line Drive, 89M, EV 86.2 MPH)
Batting: RHB Mario Arriero 0-0: Foul Ball, location: 2F
0-1: SINGLE (Line Drive, 78S, EV 106.9 MPH)
Batting: RHB Tony Nunez 0-0: Called Strike
0-1: Called Strike
0-2: Foul Ball, location: 2F
0-2: Strikes out swinging
Top of the 2nd over - 0 runs, 1 hit, 0 errors, 1 left on base; Boston (APP) 2 - Bluefield 0
BOTTOM OF THE 2ND
Bluefield Blue Jays batting - Pitching for Boston (APP) Red Sox : RHP Justin Swenson
Batting: LHB Kurt Estep 0-0: Ball
1-0: Foul Ball, location: 2F
1-1: SINGLE (Line Drive, 89S, EV 100.6 MPH)
Batting: LHB Eric Toney 0-0: Called Strike
0-1: Ball
1-1: DOUBLE (Flyball, 89D, EV 105.0 MPH)
Kurt Estep to third
Batting: RHB Dan Muns 0-0: Foul Ball, location: 2F
0-1: Foul Ball, location: 2F
0-2: Ball
1-2: Strikes out looking
Batting: SHB Dominik Hasek II 0-0: Called Strike
0-1: Ball
1-1: Fly out, F9 (Flyball, 9S, EV 88.1 MPH)
Batting: RHB Shunsuke Shiba Inu 0-0: Called Strike
0-1: DOUBLE (Line Drive, 9LS, EV 98.8 MPH)
Kurt Estep scores
Eric Toney scores
Batting: RHB Stephen Casteel 0-0: Called Strike
0-1: Ground out 6-3 (Groundball, 6, EV 89.4 MPH)
Bottom of the 2nd over - 2 runs, 3 hits, 0 errors, 1 left on base; Boston (APP) 2 - Bluefield 2
TOP OF THE 3RD
Boston (APP) Red Sox batting - Pitching for Bluefield Blue Jays : RHP Scott Lowry
Batting: SHB Salvador Padilla 0-0: Foul Ball, location: 2F
0-1: Swinging Strike
0-2: Ball
1-2: Ball
2-2: Strikes out swinging
Batting: SHB Danny Marquez 0-0: Ball
1-0: Swinging Strike
1-1: Called Strike
1-2: Strikes out swinging
Batting: RHB Dave Burwell 0-0: Fly out, F8 (Line Drive, 8LM, EV 94.4 MPH)
Top of the 3rd over - 0 runs, 0 hits, 0 errors, 0 left on base; Boston (APP) 2 - Bluefield 2
BOTTOM OF THE 3RD
Bluefield Blue Jays batting - Pitching for Boston (APP) Red Sox : RHP Justin Swenson
Batting: RHB Mike Johnson 0-0: Ball
1-0: Ball
2-0: Foul Ball, location: 2F
2-1: Fly out, F7 (Line Drive, 7S, EV 90.0 MPH)
Batting: RHB Bill Murray 0-0: Called Strike
0-1: Ball
1-1: Ball
2-1: SINGLE (Groundball, 34D, EV 101.9 MPH)
Batting: RHB Victor Ayala 0-0: Swinging Strike
0-1: Ball
1-1: Ball
2-1: Ball
3-1: Foul Ball, location: 2F
3-2: Fly out, F7 (Flyball, 7, EV 80.6 MPH)
Batting: LHB Kurt Estep 0-0: Called Strike
Bill Murray steals 2nd base
0-1: Ball
1-1: Ball
2-1: Foul Ball, location: 2F
2-2: Fly out, F8 (Flyball, 8LXD, EV 100.0 MPH)
Bottom of the 3rd over - 0 runs, 1 hit, 0 errors, 1 left on base; Boston (APP) 2 - Bluefield 2
TOP OF THE 4TH
Boston (APP) Red Sox batting - Pitching for Bluefield Blue Jays : RHP Scott Lowry
Batting: RHB Alex Melendez 0-0: Called Strike
0-1: SINGLE (Groundball, 34D, EV 106.9 MPH)
Batting: RHB Jim Hubbard 0-0: Ball
1-0: Called Strike
1-1: Foul Ball, location: 2F
1-2: Ball
2-2: Ball
3-2: SINGLE (Line Drive, 6D, EV 94.4 MPH)
Alex Melendez to second
Batting: RHB Miguel Villanueva 0-0: Called Strike
0-1: Called Strike
0-2: Strikes out looking
Batting: RHB Tony Gallegos 0-0: Called Strike
0-1: Hit by Pitch
Alex Melendez to third
Jim Hubbard to second
Batting: RHB Mario Arriero 0-0: Swinging Strike
0-1: Ball
1-1: Fielders Choice at 2nd, 4-6 (Groundball, 4S, EV 77.5 MPH)
Alex Melendez scores
Jim Hubbard to third
Batting: RHB Tony Nunez 0-0: Foul Ball, location: 2F
0-1: Ball
1-1: Ball
2-1: Called Strike
2-2: Fly out, F9 (Line Drive, 9S, EV 98.1 MPH)
Top of the 4th over - 1 run, 2 hits, 0 errors, 2 left on base; Boston (APP) 3 - Bluefield 2
BOTTOM OF THE 4TH
Bluefield Blue Jays batting - Pitching for Boston (APP) Red Sox : RHP Justin Swenson
Batting: LHB Eric Toney 0-0: Called Strike
0-1: Fly out, F5 (Popup, 6, EV 67.5 MPH)
Batting: RHB Dan Muns 0-0: Ball
1-0: Called Strike
1-1: Foul Ball, location: 2F
1-2: Foul Ball, location: 2F
1-2: Foul Ball, location: 2F
1-2: Ball
2-2: Foul Ball, location: 2F
2-2: Ground out 1-3 (Groundball, P, EV 75.0 MPH)
Batting: SHB Dominik Hasek II 0-0: SINGLE (Line Drive, 7S, EV 100.6 MPH)
Batting: RHB Shunsuke Shiba Inu 0-0: Ball
1-0: Ball
Dominik Hasek II steals 2nd, throwing error, E2
Dominik Hasek II to third
2-0: Ball
3-0: Called Strike
3-1: Foul Ball, location: 2F
3-2: Fly out, F9 (Flyball, 89M, EV 94.4 MPH)
Bottom of the 4th over - 0 runs, 1 hit, 1 error, 1 left on base; Boston (APP) 3 - Bluefield 2
TOP OF THE 5TH
Boston (APP) Red Sox batting - Pitching for Bluefield Blue Jays : RHP Scott Lowry
Batting: SHB Salvador Padilla 0-0: Foul Ball, location: 2F
0-1: Ball
1-1: Foul Ball, location: 2F
1-2: Strikes out swinging
Batting: SHB Danny Marquez 0-0: Swinging Strike
0-1: Foul Ball, location: 2F
0-2: Foul Ball, location: 2F
0-2: Ground out 6-3 (Groundball, 6, EV 86.9 MPH)
Batting: RHB Dave Burwell 0-0: Called Strike
0-1: Foul Ball, location: 2F
0-2: Ball
1-2: Foul Ball, location: 2F
1-2: SINGLE (Line Drive, 8LS, EV 108.8 MPH)
Batting: RHB Alex Melendez 0-0: Foul Ball, location: 2F
0-1: Called Strike
0-2: Ball
1-2: Ground out 4-3 (Groundball, 4, EV 86.9 MPH)
Top of the 5th over - 0 runs, 1 hit, 0 errors, 1 left on base; Boston (APP) 3 - Bluefield 2
BOTTOM OF THE 5TH
Bluefield Blue Jays batting - Pitching for Boston (APP) Red Sox : RHP Justin Swenson
Batting: RHB Stephen Casteel 0-0: Called Strike
0-1: Ball
1-1: Called Strike
1-2: Foul Ball, location: 2F
1-2: Ball
2-2: Fly out, F8 (Flyball, 89D, EV 95.6 MPH)
Batting: RHB Mike Johnson 0-0: Ground out 6-3 (Groundball, 6, EV 80.6 MPH)
Batting: RHB Bill Murray 0-0: Ball
1-0: Called Strike
1-1: Called Strike
1-2: Strikes out swinging, 2-3 out at first.
Bottom of the 5th over - 0 runs, 0 hits, 0 errors, 0 left on base; Boston (APP) 3 - Bluefield 2
TOP OF THE 6TH
Boston (APP) Red Sox batting - Pitching for Bluefield Blue Jays : RHP Scott Lowry
Batting: RHB Jim Hubbard 0-0: Ball
1-0: Ball
2-0: Called Strike
2-1: Swinging Strike
2-2: Strikes out swinging
Batting: RHB Miguel Villanueva 0-0: Ball
1-0: Called Strike
1-1: Foul Ball, location: 2F
1-2: Ground out 4-3 (Groundball, 4, EV 79.4 MPH)
Batting: RHB Tony Gallegos 0-0: Foul Ball, location: 2F
0-1: Ball
1-1: Fly out, F8 (Flyball, 8RM, EV 86.2 MPH)
Top of the 6th over - 0 runs, 0 hits, 0 errors, 0 left on base; Boston (APP) 3 - Bluefield 2
BOTTOM OF THE 6TH
Bluefield Blue Jays batting - Pitching for Boston (APP) Red Sox : RHP Justin Swenson
Batting: RHB Victor Ayala 0-0: Swinging Strike
0-1: Ball
1-1: Foul Ball, location: 2F
1-2: Fly out, F4 (Line Drive, 4MD, EV 90.0 MPH)
Batting: LHB Kurt Estep 0-0: Called Strike
0-1: Fly out, F9 (Line Drive, 89M, EV 90.0 MPH)
Batting: LHB Eric Toney 0-0: Called Strike
0-1: Fly out, F8 (Line Drive, 8LM, EV 96.9 MPH)
Bottom of the 6th over - 0 runs, 0 hits, 0 errors, 0 left on base; Boston (APP) 3 - Bluefield 2
TOP OF THE 7TH
Boston (APP) Red Sox batting - Pitching for Bluefield Blue Jays : RHP Scott Lowry
Batting: RHB Mario Arriero 0-0: Called Strike
0-1: Swinging Strike
0-2: Strikes out looking
Pitching: LHP Mike Oakes
Batting: RHB Tony Nunez 0-0: Ball
1-0: Foul Ball, location: 2F
1-1: Fly out, F8 (Flyball, 8LM, EV 92.5 MPH)
Batting: SHB Salvador Padilla 0-0: Ball
1-0: Fly out, F9 (Flyball, 89D, EV 99.4 MPH)
Top of the 7th over - 0 runs, 0 hits, 0 errors, 0 left on base; Boston (APP) 3 - Bluefield 2
BOTTOM OF THE 7TH
Bluefield Blue Jays batting - Pitching for Boston (APP) Red Sox : RHP Justin Swenson
Batting: RHB Dan Muns 0-0: Foul Ball, location: 2F
0-1: Ball
1-1: Ball
2-1: Ball
3-1: Base on Balls
Batting: SHB Dominik Hasek II Pickoff Throw to First - Out! 1-3
0-0: Ball
1-0: Ball
2-0: Called Strike
2-1: Foul Ball, location: 2F
2-2: Ball
3-2: Foul Ball, location: 2F
3-2: Base on Balls
Pinch Hitting: LHB Lothar Middelkoop 0-0: SINGLE (Groundball, 6MD, EV 96.2 MPH)
Dominik Hasek II to second
Runner from 2nd tries for 3rd, OUT! 8-5
Lothar Middelkoop to second
Batting: RHB Stephen Casteel 0-0: SINGLE (Groundball, 34S, EV 64.4 MPH) (infield hit)
Lothar Middelkoop to third
Batting: RHB Mike Johnson 0-0: Ball
1-0: Ground out U3 (Groundball, 34S, EV 83.1 MPH)
Bottom of the 7th over - 0 runs, 2 hits, 0 errors, 2 left on base; Boston (APP) 3 - Bluefield 2
TOP OF THE 8TH
Boston (APP) Red Sox batting - Pitching for Bluefield Blue Jays : LHP Mike Oakes
Now at SS: Lothar Middelkoop
Batting: SHB Danny Marquez 0-0: Ball
1-0: Swinging Strike
1-1: Swinging Strike
1-2: Strikes out looking
Batting: RHB Dave Burwell 0-0: Fly out, F8 (Flyball, 8LXD, EV 95.6 MPH)
Batting: RHB Alex Melendez 0-0: Called Strike
0-1: Ball
1-1: Ball
2-1: Ball
3-1: Foul Ball, location: 2F
3-2: Base on Balls
Batting: RHB Jim Hubbard 0-0: Ball
1-0: Foul Ball, location: 2F
1-1: Ball
2-1: Foul Ball, location: 2F
2-2: Ball
3-2: SINGLE (Line Drive, 89S, EV 88.8 MPH)
Alex Melendez to second
Alex Melendez to third
Batting: RHB Miguel Villanueva 0-0: Ball
1-0: TRIPLE (Flyball, 89XD, EV 99.4 MPH)
Alex Melendez scores
Jim Hubbard scores
Batting: RHB Tony Gallegos 0-0: Called Strike
0-1: SINGLE (Groundball, 4M, EV 106.9 MPH) (infield hit)
Miguel Villanueva scores
Pitching: RHP Aaron Meiggs
Batting: RHB Mario Arriero 0-0: Ball
1-0: Called Strike
1-1: Foul Ball, location: 2F
1-2: Ball
2-2: Strikes out swinging
Top of the 8th over - 3 runs, 3 hits, 0 errors, 1 left on base; Boston (APP) 6 - Bluefield 2
BOTTOM OF THE 8TH
Bluefield Blue Jays batting - Pitching for Boston (APP) Red Sox : RHP Justin Swenson
Batting: RHB Bill Murray 0-0: Foul Ball, location: 2F
0-1: Foul Ball, location: 2F
0-2: Fly out, F8 (Flyball, 89S, EV 84.4 MPH)
Batting: RHB Victor Ayala 0-0: Foul Ball, location: 2F
0-1: Ball
1-1: Ball
2-1: Ball
3-1: Ground out 6-3 (Groundball, 6, EV 94.4 MPH)
Batting: LHB Kurt Estep 0-0: Called Strike
0-1: Hit by Pitch
Pitching: RHP Josiah Russell
Batting: LHB Eric Toney 0-0: Ball
1-0: Ball
2-0: Ball
3-0: Base on Balls
Kurt Estep to second
Batting: RHB Dan Muns 0-0: Ball
1-0: Ball
2-0: Called Strike
2-1: Foul Ball, location: 2F
2-2: Foul Ball, location: 2F
2-2: Strikes out swinging
Bottom of the 8th over - 0 runs, 0 hits, 0 errors, 2 left on base; Boston (APP) 6 - Bluefield 2
TOP OF THE 9TH
Boston (APP) Red Sox batting - Pitching for Bluefield Blue Jays : RHP Aaron Meiggs
Batting: RHB Tony Nunez 0-0: Ball
1-0: Ball
2-0: Called Strike
2-1: Foul Ball, location: 2F
2-2: Ball
3-2: Fly out, F5 (Popup, 5F, EV 70.6 MPH)
Batting: SHB Salvador Padilla 0-0: Swinging Strike
0-1: Ball
1-1: SINGLE (Groundball, 5S, EV 70.0 MPH) (infield hit)
Batting: SHB Danny Marquez 0-0: Ball
1-0: Ball
2-0: Swinging Strike
2-1: Ball
Salvador Padilla steals 2nd base
3-1: Foul Ball, location: 2F
3-2: Strikes out swinging
Batting: RHB Dave Burwell 0-0: Ball
1-0: Called Strike
1-1: Ball
2-1: Called Strike
2-2: Fly out, F7 (Flyball, 7, EV 95.0 MPH)
Top of the 9th over - 0 runs, 1 hit, 0 errors, 1 left on base; Boston (APP) 6 - Bluefield 2
BOTTOM OF THE 9TH
Bluefield Blue Jays batting - Pitching for Boston (APP) Red Sox : RHP Josiah Russell
Batting: SHB Dominik Hasek II 0-0: Ball
1-0: Called Strike
1-1: Foul Ball, location: 2F
1-2: Ball
2-2: Ball
3-2: Strikes out swinging
Batting: LHB Lothar Middelkoop 0-0: Ball
1-0: Called Strike
1-1: Swinging Strike
1-2: Strikes out looking
Batting: RHB Stephen Casteel 0-0: Ground out 5-3 (Groundball, 15, EV 94.4 MPH)
Bottom of the 9th over - 0 runs, 0 hits, 0 errors, 0 left on base; Boston (APP) 6 - Bluefield 2
Tuesday, September 13th , 2022 - OOTP Baseball 23.7 Build 88